 Dungeon Crawl Stone Soup version 0.29.1-15-g9cfb28693d (webtiles) character file.

Game seed: 705873853016173425

23 Heoruswealwe the Conjurer (level 2, -9/15 HPs)
             Began as a Deep Elf Conjurer on Apr 14, 2023.
             Killed by divine providence
             ... invoked by a smoke demon
             ... created by the fury of Makhleb
              (12 damage)
             ... on level 2 of the Dungeon.
             The game lasted 00:06:00 (592 turns).

Heoruswealwe the Conjurer (Deep Elf Conjurer)        Turns: 592, Time: 00:06:00

Health: -9/15      AC:  2    Str:  4    XL:     2   Next: 75%
Magic:  2/8        EV: 12    Int: 22    God:
Gold:   77         SH:  0    Dex: 13    Spells: 5/8 levels left

rFire   . . .      SeeInvis .   (no weapon)
rCold   . . .      Faith    .   (no shield)
rNeg    . . .      Spirit   .   a - +0 robe
rPois   .          Reflect  .   (no helmet)
rElec   .          Harm     .   (no cloak)
rCorr   .          Rampage  .   (no gloves)
Will    .....                   (no boots)
Stlth   ++........              (no amulet)
HPRegen 0.05/turn               (no ring)
MPRegen 0.11/turn               (no ring)

@: no status effects
A: no striking features
a: no special abilities


You were on level 2 of the Dungeon.
You visited 1 branch of the dungeon, and saw 2 of its levels.

You collected 77 gold pieces.

Inventory:

Armour
 a - a +0 robe (worn)
 c - a +0 robe
 h - a +0 robe
 i - a +0 robe
Scrolls
 d - a scroll of enchant armour {unknown}
 e - a scroll of identify {unknown}
 f - 2 scrolls of blinking {unknown}
Potions
 b - a potion of magic
 g - 2 potions of might {unknown}
 j - a potion of ambrosia {unknown}
 k - a potion of mutation {unknown}


   Skills:
 - Level 2.4 Dodging
 - Level 2.4 Stealth
 + Level 3.9 Spellcasting
 + Level 4.9 Conjurations


You had 5 spell levels left.
You knew the following spells:

 Your Spells              Type           Power      Damage    Failure   Level
a - Magic Dart            Conj           100%       1d8       1%          1
b - Searing Ray           Conj           52%        2d6       2%          2

Your spell library contained the following spells:

 Spells                   Type           Power      Damage    Failure   Level
 Apportation              Tloc           8%         N/A       12%         1
 Necrotise                Necr           16%        1d4       12%         1
 Summon Small Mammal      Summ           16%        N/A       12%         1
 Dazzling Flash           Conj/Hex       30%        N/A       12%         3
 Fulminant Prism          Conj/Hex       7%         3d7       38%         4
 Iskenderun's Mystic Bla  Conj/Tloc      15%        2d5       38%         4


Dungeon Overview and Level Annotations

Branches:
Dungeon (2/15)

Altars:
Makhleb


Message History

You see here a ball python corpse.
You see here a ball python corpse.
You see here a +0 sling.
Found a stone staircase leading down.
Done exploring.
There is a stone staircase leading down here.
You climb downwards.
Found a scroll labelled SOEVET IREQOIL.
There is a stone staircase leading up here.
The magic dart hits the dart slug but does no damage.
The magic dart hits the dart slug!
The dart slug is severely wounded.
The magic dart hits the dart slug.
You kill the dart slug!
f - 2 scrolls labelled SOEVET IREQOIL (gained 1) Makhleb sends a minion to punish you.
A smoke demon comes into view.
The magic dart hits the smoke demon.
The smoke demon is lightly wounded.
The magic dart hits the smoke demon.
The smoke demon is lightly wounded.
The magic dart hits the smoke demon.
The smoke demon is moderately wounded.
The smoke demon hits you! The smoke demon barely misses you.
The smoke demon hits you.
* * * LOW HITPOINT WARNING * * *
You are too injured to fight recklessly!
You are too injured to fight recklessly!
You are too injured to fight recklessly!
Casting: Magic Dart (safe; 1% risk of failure)
Confirm with . or Enter, or press ? or * to list all spells.
Aiming: Magic Dart (safe; 1% risk of failure)
Press: ? - help, Shift-Dir - straight line, f/p - smoke demon
Aim: a smoke demon (moderately wounded, durably summoned, 100% to hit)
The magic dart hits the smoke demon.
The smoke demon is moderately wounded.
The smoke demon gestures at you. Makhleb smites you!
Ouch! That really hurt!
You die...

#..... #...#
######...# ..
###........###....
..................
###.###...<#....
#.#.## # #3#.#
#@#.# #.#.. #.###
#.. ###


You could see a smoke demon.

Vanquished Creatures
  3 dart slugs
  4 ball pythons (D:1)
  A bat (D:1)
  A giant cockroach (D:1)
  A goblin (D:1)
  2 hobgoblins (D:1)
  A frilled lizard (D:1)
  3 rats (D:1)
16 creatures vanquished.

Vanquished Creatures (others)
  2 demonic plants (D:1)
2 creatures vanquished.

Grand Total: 18 creatures vanquished

Notes
Turn   | Place    | Note
-------+----------+-------------------------------------------
     0 | D:1      | Heoruswealwe the Deep Elf Conjurer began the quest for the
                  | Orb.
     0 | D:1      | Reached XP level 1. HP: 10/10 MP: 6/6
   273 | D:1      | Reached XP level 2. HP: 15/15 MP: 4/8
   279 | D:1      | Learned a level 2 spell: Searing Ray
   509 | D:1      | Found a faded altar of an unknown god.
   509 | D:1      | Noticed a chaos spawn
   524 | D:1      | Prayed at the altar of an unknown god.
   524 | D:1      | Became a worshipper of Makhleb the Destroyer
   524 | D:1      | Reached * piety under Makhleb
   526 | D:1      | Fell from the grace of Makhleb
   587 | D:2      | Noticed a smoke demon
   592 | D:2      | Killed from afar by a smoke demon

Illustrated notes

Levels and vault maps discovered:
D:1:      dpeg_arrival_solitude, layout_rooms,
          dreamdust_ecumenical_altar_sealed_demon
D:2:      layout_basic, serial_shops, nicolae_shop_competitors_out_of_business,
          shop, grunt_decor_one_mirror, nicolae_kite_square_tiling_tiny

Action                   || total
-------------------------++-------
Melee: Unarmed           ||    10
       Punch             ||     1
 Cast: Magic Dart        ||    44
Invok: Renounce Religion ||     1
Armor: Robe              ||     4
Dodge: Dodged            ||    11
